AoeStats
← Michi3052

Migration

508902776Analyzed
1v1 RM · 8d ago on Sep 24, 2026· 33m 34s· 2 players
Game mode
Random Map
Map size
132×132
Population
200
Speed
Normal
Resources
Standard
Victory
Conquest
Starting age
Dark Age
Ending age
Imperial Age
RankedLock teamsTeams togetherTeam positionsShared explorationLock speedFull tech treeHidden civsTurbo modeCheats
Victory
Defeat
🇩🇪 Varangians · Germany
715
+17
🇪🇸 Turks · Spain
731
-17
^8Fischy^3123
13:05 Feudal Age
13:35 Double-Bit Axe
15:22 Fishing Lines
19:59 Castle Age
18:12 Stone Mining
18:13 Gold Mining
18:20 Gold Mining
18:12 Horse Collar
18:38 Fletching
20:47 Gillnets
21:45 Medium Warships
22:19 Bow Saw
22:16 Heavy Plow
27:25 Imperial Age
29:37 Cranequins
32:48 Crop Rotation
32:30 Elite Varangian Guard
Michi3052
9:05 Loom
12:09 Feudal Age
12:55 Fishing Lines
18:39 Horse Collar
18:50 Double-Bit Axe
22:43 Castle Age
21:13 Gold Mining
25:04 Wheelbarrow
28:29 Bloodlines
28:30 Heavy Plow
31:06 Imperial Age
28:38 Town Watch
30:57 Hand Cart
31:59 Bow Saw
32:35 Gold Shaft Mining
Connection lost

Rejoining the realm…

Still unreachable

The connection could not be restored.

Session expired

The server has moved on; the page needs a fresh start.